 Dungeon Crawl Stone Soup version 0.29-a0-330-g52719c12eb (webtiles) character file.

Game seed: 1555863901361482765

24610 Leszczynek the Carver (level 13, -1/103 HPs)
             Began as a Human Gladiator on Apr 16, 2022.
             Was a Priest of the Shining One.
             Slain by a seven-headed hydra (4 damage)
             ... on level 13 of the Dungeon.
             The game lasted 00:49:51 (8847 turns).

Leszczynek the Carver (Human Gladiator)             Turns: 8847, Time: 00:49:51

Health: -1/103     AC: 16    Str: 24    XL:     13   Next: 44%
Magic:  17/18      EV: 12    Int:  8    God:    the Shining One [***...]
Gold:   1369       SH: 14    Dex: 17    Spells: 12/12 levels left

rFire   . . .      SeeInvis .   f - +0 morningstar
rCold   + . .      Faith    .   i - +0 buckler
rNeg    + . .      Spirit   .   o - +2 scale mail {rPois}
rPois   +          Reflect  .   c - +0 helmet
rElec   .          Harm     .   j - +0 cloak
rCorr   +          Rampage  .   g - +1 pair of gloves
Will    +....                   B - +1 pair of boots
Stlth   ..........              (no amulet)
HPRegen 0.27/turn               M - ring "Dydufua" {rC+ Will+ rCorr}
MPRegen 0.16/turn               H - +6 ring of strength

@: divinely shielded, glowing
A: no striking features
a: Renounce Religion, Divine Shield, Cleansing Flame


You were on level 13 of the Dungeon.
You worshipped the Shining One.
The Shining One was most pleased with you.
You visited 4 branches of the dungeon, and saw 19 of its levels.

You collected 1703 gold pieces.
You spent 334 gold pieces at shops.

Inventory:

Hand Weapons
 a - a +5 double sword of electrocution
 b - a +4 war axe of freezing
 f - a +0 morningstar (weapon)
 y - a +4 broad axe
Missiles
 h - 6 silver boomerangs
 p - 2 curare-tipped darts
 F - 6 boomerangs
 L - 13 javelins (quivered)
 N - a throwing net
Armour
 c - a +0 helmet (worn)
 g - a +1 pair of gloves (worn)
 i - a +0 buckler (worn)
 j - a +0 cloak (worn)
 o - a +2 scale mail of poison resistance (worn)
 B - a +1 pair of boots (worn)
Jewellery
 D - a ring of flight
 H - a +6 ring of strength (right hand)
 M - the ring "Dydufua" (left hand) {rC+ Will+ rCorr}
   (You acquired it on level 9 of the Dungeon)

   [ring of willpower]

   rC:        It protects you from cold.
   rCorr:     It protects you from acid and corrosion.
   Will:      It increases your willpower.
Wands
 e - a wand of flame (14)
 n - a wand of paralysis (3)
 K - a wand of iceblast (5)
Scrolls
 k - 2 scrolls of teleportation
 l - a scroll of fear {unknown}
 v - 2 scrolls of magic mapping
 w - 3 scrolls of fog
 x - a scroll of vulnerability {unknown}
 C - 2 scrolls of holy word {!r}
 G - a scroll of immolation {!r}
 I - a scroll of torment {unknown}
Potions
 d - 2 potions of haste
 m - 2 potions of brilliance {unknown}
 q - 3 potions of curing {@q1}
 r - 2 potions of cancellation
 s - 2 potions of degeneration {unknown}
 t - 2 potions of magic
 u - 3 potions of mutation {!q}
 z - a potion of lignification {unknown}
 A - a potion of ambrosia {unknown}
 E - a potion of flight {unknown}
 J - 2 potions of might {unknown}


   Skills:
 - Level 10.0 Fighting
 * Level 12.1 Long Blades
 - Level 10.0 Axes
 - Level 6.4 Throwing
 - Level 4.4 Armour
 - Level 5.0 Dodging
 - Level 4.2 Shields
 + Level 7.0 Invocations
 - Level 4.2 Evocations


You had 12 spell levels left.
You didn't know any spells.
Your spell library contained the following spells:

 Spells                   Type           Power      Damage    Failure   Level
 Slow                     Hex            0%         N/A       80%         1
 Confusing Touch          Hex            0%         N/A       99%         3
 Frozen Ramparts          Ice            0%         1d2       99%         3
 Ozocubu's Armour         Ice            0%         N/A       99%         3
 Vampiric Draining        Necr           0%         2d6       99%         3
 Ice Form                 Ice/Tmut       0%         N/A       100%        4
 Leda's Liquefaction      Hex/Erth       0%         N/A       100%        4
 Olgreb's Toxic Radiance  Pois           0%         N/A       100%        4
 Passage of Golubria      Tloc           0%         N/A       100%        4
 Summon Ice Beast         Ice/Summ       0%         N/A       100%        4
 Lee's Rapid Deconstruct  Erth           0%         3d5*      100%        5
 Silence                  Hex/Air        0%         N/A       100%        5
 Statue Form              Tmut/Erth      0%         N/A       100%        6
 Ozocubu's Refrigeration  Ice            0%         4d5       100%        7
 Ignition                 Fire           0%         3d3       100%        8
 Lehudib's Crystal Spear  Conj/Erth      0%         10d2      100%        8


Dungeon Overview and Level Annotations

Branches:
Dungeon (14/15)            Temple (1/1) D:5            Lair (2/6) D:9
    Orc (2/2) D:9             Elf (0/3) Orc:2
  Swamp: Lair:2-4    Shoals: Lair:2-4     Snake: Lair:2-4    Spider: Lair:2-4
 Vaults: D:13-14

Altars:
Hepliaklqana
Yredelemnul
The Shining One

Shops:
D:6 *   D:10 (   Orc:2 :

Annotations:
D:3 3 runed translucent doors, WLBjork's ghost, amateur HOMo
D:8 3 runed translucent doors, robertstho's ghost, novice DjFE
D:10 Snorg
D:11 2 transporters, tsouns's ghost, journeyman DEEE
Lair:2 Gastronok
Orc:2 Jorgrun


Message History

You block the seven-headed hydra's attack. x3
The seven-headed hydra bites you.
* * * LOW HITPOINT WARNING * * *
Unknown command.
Unknown command.
You sock the seven-headed hydra!
The seven-headed hydra is severely wounded.
You block the seven-headed hydra's attack.
The seven-headed hydra bites you.
* * * LOW HITPOINT WARNING * * *
The seven-headed hydra barely misses you.
The seven-headed hydra bites you but does no damage.
The seven-headed hydra bites you.
* * * LOW HITPOINT WARNING * * *
The seven-headed hydra bites you but does no damage.
The seven-headed hydra barely misses you.
Unknown command.
Unknown command.
Unknown command.
You feel better.
You block the seven-headed hydra's attack.
The seven-headed hydra barely misses you.
The seven-headed hydra bites you!
* * * LOW HITPOINT WARNING * * *
The seven-headed hydra bites you but does no damage. x2
The seven-headed hydra bites you.
* * * LOW HITPOINT WARNING * * *
The seven-headed hydra bites you but does no damage.
Unknown command.
Unknown command.
Unknown command.
You impale the seven-headed hydra!!
The seven-headed hydra is almost dead.
You block the seven-headed hydra's attack. x2
The seven-headed hydra bites you but does no damage. x2
You block the seven-headed hydra's attack.
The seven-headed hydra bites you!
* * * LOW HITPOINT WARNING * * *
The seven-headed hydra bites you.
You die...

..# #.# #.# #.#
#.# #^# . #.# #.#
... ###.## #.#
[....###....# #.#
....e.......# #.#
##.#..#####)####.#
.#.☼...##.D@...#
..........######
## #.##.##.#
#.......#
###...### #...# .#
#...# #...
#...###.....
#######...#...#


You could see a seven-headed hydra.

Vanquished Creatures
  Erolcha (D:9)
  A catoblepas (Lair:2)
  A centaur warrior (D:8)
  3 two-headed ogres (D:11)
  A death knight (D:12)
  Urug (D:10)
  Sonja (D:10)
  5 orc knights
  A deep elf pyromancer (D:13)
  2 orc sorcerers
  A cyclops (D:14)
  3 manticores (D:12)
  An ugly thing (D:12)
  4 cane toads
  3 komodo dragons
  An unseen horror (D:11)
  An efreet (D:12)
  A polar bear (Lair:2)
  6 trolls
  3 fire bats (Lair:1)
  2 wraiths
  7 yaks
  3 wyverns (D:9)
  A vampire (D:9)
  A human (D:9)
  A basilisk (D:12)
  3 vampire mosquitoes (D:12)
  Menkaure (D:6)
  5 wargs
  2 water moccasins
  A naga (Lair:2)
  21 orc warriors
  A sky beast (D:6)
  3 black bears
  3 ogres
  6 wolves
  A centaur (D:9)
  2 phantoms
  2 kobold brigands
  6 bullfrogs
  A gnoll sergeant (D:5)
  A necrophage (D:5)
  2 scorpions
  4 wights (D:6)
  9 killer bees
  3 howler monkeys
  Crazy Yiuf (D:6)
  19 orc priests
  5 hounds
  2 jellies (D:4)
  A gnoll shaman (D:5)
  Terence (D:3)
  Ijyb (D:5)
  2 iguanas
  9 orc wizards
  A scorpion zombie (D:3)
  7 gnolls
  9 adders
  A white imp (D:6)
  An ufetubus (D:6)
  An adder zombie (D:3)
  A dart slug (D:2)
  59 orcs
  3 ball pythons
  5 endoplasms
  2 giant cockroaches (D:4)
  5 goblins
  7 hobgoblins
  9 jackals
  9 kobolds
  3 quokkas
  5 bats (D:3)
  A frilled lizard (D:1)
  4 rats
307 creatures vanquished.

Vanquished Creatures (others)
  A cane toad (Lair:2)
  An unseen horror (D:12)
  An orc warrior (Orc:1)
  A demonic plant (D:3)
  11 fungi
  11 plants
26 creatures vanquished.

Grand Total: 333 creatures vanquished

Notes
Turn   | Place    | Note
-------+----------+-------------------------------------------
     0 | D:1      | Leszczynek the Human Gladiator began the quest for the Orb.
     0 | D:1      | Reached XP level 1. HP: 16/16 MP: 1/1
   111 | D:1      | Reached XP level 2. HP: 12/22 MP: 2/2
   351 | D:3      | Reached XP level 3. HP: 28/28 MP: 3/3
   355 | D:3      | Noticed Terence
   604 | D:3      | Killed Terence
   605 | D:3      | Reached XP level 4. HP: 21/34 MP: 4/4
   695 | D:2      | Reached skill level 3 in Fighting
   804 | D:2      | Reached skill level 1 in Shields
   852 | D:1      | Reached skill level 4 in Axes
   923 | D:3      | Found a runed translucent gate.
   923 | D:3      | Found a runed translucent gate.
   924 | D:3      | Found a runed translucent gate.
   924 | D:3      | Noticed WLBjork's ghost (amateur HOMo)
   926 | D:3      | Found a basalt altar of Yredelemnul.
   940 | D:3      | Reached XP level 5. HP: 31/41 MP: 5/5
   963 | D:3      | Found a faded altar of an unknown god.
   963 | D:3      | Noticed a Brimstone Fiend
  1188 | D:4      | Reached skill level 3 in Throwing
  1188 | D:4      | Reached XP level 6. HP: 29/48 MP: 6/6
  1284 | D:4      | Identified a scroll of acquirement
  1285 | D:4      | Acquired a +3 war axe of freezing
  1286 | D:4      | imagine this being the best option
  1286 | D:4      | acquirement
  1286 | D:4      | wow
  1503 | D:3      | Reached skill level 4 in Fighting
  1565 | D:3      | Reached skill level 2 in Shields
  1664 | D:5      | Entered Level 5 of the Dungeon
  1683 | D:6      | Found a hazy altar of Hepliaklqana.
  1695 | D:6      | Noticed a black bear
  1711 | D:5      | Killed a black bear
  1712 | D:5      | Reached skill level 5 in Axes
  1712 | D:5      | Reached XP level 7. HP: 43/55 MP: 7/7
  1875 | D:5      | Noticed Ijyb
  1882 | D:5      | Killed Ijyb
  1916 | D:5      | Reached skill level 5 in Fighting
  1949 | D:5      | Reached XP level 8. HP: 58/62 MP: 8/8
  1953 | D:5      | Reached skill level 3 in Shields
  1997 | D:5      | Reached skill level 6 in Axes
  1997 | D:5      | Reached skill level 1 in Evocations
  2011 | D:6      | Found Hour's Assorted Antiques.
  2019 | D:6      | Bought an encrusted lead wand for 140 gold pieces
  2241 | D:7      | Reached skill level 6 in Fighting
  2241 | D:7      | Reached skill level 2 in Evocations
  2405 | D:6      | Noticed Menkaure
  2416 | D:6      | Killed Menkaure
  2445 | D:6      | Reached skill level 7 in Axes
  2445 | D:6      | Reached XP level 9. HP: 66/71 MP: 9/9
  2485 | D:6      | Reached skill level 4 in Shields
  2777 | D:5      | Reached skill level 3 in Evocations
  2925 | D:5      | Reached skill level 7 in Fighting
  2981 | D:5      | Found a staircase to the Ecumenical Temple.
  2983 | D:5      | wow
  2983 | D:5      | not so fast
  2986 | Temple   | Entered the Ecumenical Temple
  3006 | Temple   | Became a worshipper of the Shining One
  3216 | D:6      | Reached skill level 8 in Axes
  3245 | D:6      | Reached skill level 4 in Dodging
  3245 | D:6      | Reached skill level 4 in Evocations
  3359 | D:6      | Reached XP level 10. HP: 62/79 MP: 10/10
  3389 | D:6      | Found a runed translucent door.
  3390 | D:6      | Noticed Crazy Yiuf
  3396 | D:6      | Killed Crazy Yiuf
  3430 | D:6      | Bought a lead wand for 140 gold pieces
  3494 | D:8      | Found a runed translucent gate.
  3494 | D:8      | Found a runed translucent gate.
  3494 | D:8      | Noticed robertstho's ghost (novice DjFE)
  3495 | D:8      | Found a runed translucent gate.
  3496 | D:8      | Noticed a kobold demonologist
  3498 | D:8      | Reached * piety under the Shining One
  3532 | D:8      | Reached skill level 1 in Invocations
  3536 | D:8      | Reached skill level 1 in Armour
  3695 | D:9      | Reached skill level 9 in Axes
  3723 | D:9      | Reached skill level 2 in Invocations
  3736 | D:9      | Reached skill level 2 in Armour
  3738 | D:9      | Reached skill level 5 in Dodging
  3750 | D:9      | Acquired the ring "Dydufua" {rC+ Will+ rCorr}
  3752 | D:9      | the other choice was a manual of Axes
  3757 | D:9      | Found a staircase to the Orcish Mines.
  3779 | D:9      | Noticed Erolcha
  3840 | D:8      | Noticed a centaur warrior
  3847 | D:8      | Killed a centaur warrior
  3848 | D:8      | Reached skill level 8 in Fighting
  3848 | D:8      | Reached skill level 3 in Invocations
  4015 | D:10     | Entered Level 10 of the Dungeon
  4060 | D:10     | Noticed Urug
  4072 | D:10     | Killed Urug
  4073 | D:10     | Reached skill level 3 in Armour
  4075 | D:10     | phew
  4120 | D:9      | Found a staircase to the Lair.
  4200 | Lair:1   | Entered Level 1 of the Lair of Beasts
  4212 | Lair:1   | Noticed a cane toad
  4222 | Lair:1   | Killed a cane toad
  4223 | Lair:1   | Reached skill level 1 in Long Blades
  4223 | Lair:1   | Reached skill level 10 in Axes
  4223 | Lair:1   | Reached XP level 11. HP: 73/87 MP: 13/13
  4314 | Lair:1   | not going to volcano, rf
  4314 | Lair:1   | no rf
  4322 | Lair:1   | Reached skill level 2 in Long Blades
  4328 | Lair:1   | Reached skill level 4 in Invocations
  4531 | Lair:2   | Noticed a catoblepas
  4574 | Lair:2   | HP: 16/87 [catoblepas/blast of calcifying dust (5)]
  4576 | Lair:2   | HP: 3/87 [catoblepas (7)]
  4588 | Lair:2   | Killed a catoblepas
  4589 | Lair:2   | Reached skill level 3 in Long Blades
  4589 | Lair:2   | Reached skill level 4 in Armour
  4612 | Lair:2   | Noticed an eight-headed hydra
  4627 | Lair:2   | HP: 11/87 [komodo dragon (14)]
  4631 | Lair:2   | HP: 3/87 [komodo dragon (8)]
  4633 | Lair:2   | Reached skill level 4 in Long Blades
  4862 | Lair:2   | Reached skill level 9 in Fighting
  4993 | D:9      | Reached skill level 5 in Invocations
  5103 | D:9      | Killed Erolcha
  5104 | D:9      | Reached skill level 5 in Long Blades
  5184 | Orc:1    | Entered Level 1 of the Orcish Mines
  5277 | Orc:1    | Reached skill level 6 in Long Blades
  5456 | D:9      | Reached skill level 6 in Invocations
  5492 | Orc:1    | Reached XP level 12. HP: 56/96 MP: 16/16
  5536 | Orc:1    | HP: 13/96 [orc knight/+0 bardiche (24)]
  5786 | Orc:1    | Reached skill level 7 in Long Blades
  5908 | Orc:2    | Entered Level 2 of the Orcish Mines
  6098 | Orc:1    | Reached skill level 10 in Fighting
  6208 | Orc:2    | Reached skill level 8 in Long Blades
  6212 | Orc:2    | Reached ** piety under the Shining One
  6410 | Orc:2    | Found a staircase to the Elven Halls.
  6444 | Orc:2    | Found Liwnahuj's Self-Improvement Boutique.
  6510 | Orc:2    | Noticed a soul eater
  6709 | Orc:2    | Reached skill level 9 in Long Blades
  6709 | Orc:2    | Reached skill level 4 in Throwing
  7108 | Orc:2    | Noticed Jorgrun
  7109 | Orc:2    | :(((((((((((((
  7118 | Orc:2    | abort?
  7132 | Orc:2    | nope, i'm way too weak
  7338 | Lair:2   | Noticed Gastronok
  7360 | Lair:2   | Noticed an eight-headed hydra
  7372 | Lair:1   | >there are two
  7414 | Lair:1   | Reached skill level 5 in Throwing
  7484 | D:10     | Noticed Snorg
  7485 | D:10     | XD
  7589 | D:10     | Noticed Sonja
  7596 | D:10     | Killed Sonja
  7597 | D:10     | Reached skill level 10 in Long Blades
  7801 | D:12     | Noticed a two-headed ogre
  7810 | D:11     | Killed a two-headed ogre
  7811 | D:11     | Reached XP level 13. HP: 93/103 MP: 17/17
  7857 | D:12     | Noticed a six-headed hydra
  7858 | D:12     | here too...?
  7984 | D:11     | Found a transporter.
  7987 | D:11     | Found a transporter.
  7987 | D:11     | Noticed tsouns's ghost (journeyman DEEE)
  7988 | D:11     | Identified the +11 giant club "Kissoraa" {flame, rElec
                  | rPois Will+ Dex+4}
  7989 | D:11     | Reached *** piety under the Shining One
  8089 | D:10     | Found Zeecun's Weapon Boutique.
  8092 | D:10     | Bought 3 silver boomerangs for 54 gold pieces
  8264 | D:12     | Reached skill level 6 in Throwing
  8271 | D:12     | Reached skill level 11 in Long Blades
  8272 | D:12     | Noticed a five-headed hydra
  8736 | D:14     | Reached skill level 12 in Long Blades
  8736 | D:14     | Noticed a four-headed hydra
  8834 | D:13     | Noticed a seven-headed hydra
  8839 | D:13     | Reached skill level 7 in Invocations
  8842 | D:13     | HP: 20/103 [seven-headed hydra (10)]
  8843 | D:13     | oh ok
  8844 | D:13     | suiciding, i'm done
  8846 | D:13     | HP: 9/103 [seven-headed hydra (2)]
  8847 | D:13     | HP: 3/103 [seven-headed hydra (7)]
  8847 | D:13     | Slain by a seven-headed hydra

Illustrated notes ##.#.#.#.# ##.......#.# ##.#.###.# ##.....## #.... ..# ##...## ###.# ### ##'## #.# #.# #.# #.# #. ##.## ##...#.# #..@...# #............# .######.##..... #.# ##### #.# #.# #.# ..# Turn 1286 on D:4: imagine this being the best option

...'.....#### #.# #.#............
####.....# #.# #.#..#.........
###.....# #.###.#..#.#####.##
#......##### #.....#..# # #.##
#......'...# #.....#..#.# #.##
#......#############..#.#####.##
+......+ ####### ##............
#......#####⌠.⌠####.....#####...
#####..#.###.>.@........# #.>..
#.[.# ##⌠.⌠#####.##.# #....
######..## ####### ##.##.####....
.....)...###########.............
######....#... #....#(........
######.)..#.# #....+.....###.
............# #....#.###.# #.
..........#.# #....#.###.###.
.###........# #....#.......#.


Turn 2983 on D:5: wow ####+#+####### #.......@)))<# #........#####
#........'...... .........#..##.. ........[...... ........##...... ..##....#
....## . #..... ...# (..... .... Turn 3752 on D:9: the other choice was a manual
of Axes ###...######.#..#.# ......(......#.##.####... .........................
.............#..#.####... ##.....#######..#.# #.....# #....# #.....# ##.###
#.....# ###.#### #......# #...@?.# #......# #.#$##.# #<#..[.# #.#.# # ........ #
#.. #.##.... ..# #.# ... #. Turn 4075 on D:10: phew ........## ... #>.........#
.. #.Y........### # #....###.#.#.#### ### ##....#.....'....####..
.#.....#.....#.......... .......#.....#.......... .......#.....#..........
##..@..##.P..##.##### #............# # # ##..P.##.#...# # #..P#####...# # #..##
#..# #.. ..# #... s.# ##### ##.. ... ...... .. ...... Turn 4314 on Lair:1: not
going to volcano, rf #####............# ##........#### .#. ##.......##### o..
#......)##.#. .#oo ####)........... ...o. ##.......#....... ##...##
###........#≈≈.≈≈.# .......#### ##.......##.≈≈≈.≈≈≈.
........#.###..@))..##..≈≈≈.≈≈≈. .......(g((.)..#)#)..#.....∩....
$......(.(...^#)###)...)≈≈≈.≈≈≈. .........##.............≈≈≈.≈≈≈.
........####.##.###.#....≈≈.≈≈.. #.....### ######.####.......... .#..##
#..........####.. ...$ ##.........# ## ... ###.#.###..... Turn 7109 on Orc:2:
:((((((((((((( ##.##............#### #####............# ##........####
##.......###### #......)##.#.## ####)............# ##.......#.......##
###........#≈≈.≈≈.## #### ##.......##@≈≈≈.≈≈≈.## .#.###..)))..##..≈≈≈.≈≈≈..##
(g((.)..#)#)..#.....∩......# (.(g..^#)###)...)≈≈≈.≈≈≈.###
..##.............≈≈≈.≈≈≈..# .####.##.###.#....≈≈.≈≈...# ##
######.####...........# #..........####..## ##.........# ### Turn 7118 on Orc:2:
abort? ##.......#.......#...# ##..............##.## ##..#..........# ##
####......#..## ##...........# #.........#..## ####............#
##...............## ##.........##@.....## ##.........##........#
#.........###.......#.# ##..).....####.....##### #...#......##.....#.#
##.##............#### #####............# ##....g...#### ##.......###### Turn
7132 on Orc:2: nope, i'm way too weak #......>.# ##.......# #.......#
####.......# #######.##.......# .<...............# .................#
.................# ................@# .................# #####.############ #
### Turn 7372 on Lair:1: >there are two #...........#...##.#.#.#.##.#
#........#......##.#.#......# #.#......#.##..###.#...#.#### ##.#...#.##..#
#.#.#.#.# #.#.............#.....# .....##....########.### ...^.## ###.### #.#
###.### #|....# #.# #.# #...@.# #. #.# #..!..# #.T...# #.....# ####### Turn 7485
on D:10: XD #. ###############.D. #.........#.....# #.>.......#.....#
#.........@.....# #.........#.....# #.....##'######.# #............#
#............# #..........<.# #...[........# #............# #............# Turn
7858 on D:12: here too...? ..# #.# #.# #.# #.# #^# . #.# #.# ... ###.## #.#
[....###....# #.# ....e.......# #.# ##.#..#####)####.# .#.☼...##.D@...#
....u.....###### ## #.##.##.# #.......# ###...### #...# .# #...# #...
#...###..... #######...#...# Turn 8843 on D:13: oh ok ..# #.# #.# #.# #.# #^# .
#.# #.# ... ###.## #.# [....###....# #.# ....e.......# #.# ##.#..#####)####.#
.#.☼...##.D@...# ....u.....###### ## #.##.##.# #.......# ###...### #...# .#
#...# #... #...###..... #######...#...# Turn 8844 on D:13: suiciding, i'm done

Levels and vault maps discovered:
D:1:      ncdulo_halloftheorcs, layout_basic
D:2:      layout_loops_ring
D:3:      layout_rooms, nicolae_yredelemnul_ghost_church,
          dreamdust_ecumenical_altar_sealed_demon, hangedman_decor_points,
          kennysheep_path_1, uniq_terence
D:4:      layout_loops_corners
D:5:      layout_basic, temple_doors_ab, nicolae_grassy_gnolls, uniq_ijyb
D:6:      layout_loops_ring, lemuel_crystal_altar, serial_shops,
          nicolae_stop_n_shop_2, st_stairs_1, chequers_serial_rivers_micro_b,
          uniq_menkaure, uniq_crazy_yiuf_cottage
D:7:      layout_rooms, david_defended_altar_orc
D:8:      layout_loops_ring, gammafunk_ghost_nasty_kobolds
D:9:      minmay_spotlight, layout_basic, lair_entry_dummy, erik_orc_4,
          minivault_27, uniq_erolcha
D:10:     layout_loops_cross, serial_shops, kennysheep_mini_moat,
          dk_rats_in_the_wall, uniq_sonja, uniq_urug, uniq_snorg
D:11:     layout_cave_pods, gammafunk_ghost_smash, uniq_nergalle
D:12:     minmay_the_grid_square_5x5_4x4 [minmay_the_grid_square_5x5_minivault,
          minmay_the_grid_square_5x5_bridge, minmay_the_grid_square_5x5_inner_z,
          minmay_the_grid_square_5x5_pentomino_r,
          minmay_the_grid_square_5x5_hollow_slash,
          minmay_the_grid_square_5x5_prize_monsterx,
          minmay_the_grid_square_5x5_prize_rear_guard,
          minmay_the_grid_square_5x5_c, minmay_the_grid_square_5x5_gyroscope,
          minmay_the_grid_square_5x5_prize_snowflake,
          minmay_the_grid_square_5x5_prize_gold,
          minmay_the_grid_square_5x5_inset, minmay_the_grid_square_5x5_inner_i,
          minmay_the_grid_square_5x5_misaligned,
          minmay_the_grid_square_5x5_tri_point,
          minmay_the_grid_square_5x5_detours], layout_grid_maze, enter_trove_1
D:13:     layout_loops_cross, ebering_ghost_xom
D:14:     layout_basic, skrybe_vaults_entry_preservation,
          chequers_serial_rivers_small_3, kennysheep_okawaru_gauntlet,
          uniq_roxanne
Temple:   mainiacjoe_temple_cubbyholes
Lair:1:   dreamdust_isle_of_ice, layout_chaotic_city,
          nicolae_volcano_entry_batcave
Lair:2:   layout_gridlike, minmay_snake_entry_guardpost_small,
          serial_bayou_pond_a, grunt_megastairs_1, uniq_gastronok
Orc:1:    layout_caves, mines5_lemuel
Orc:2:    st_orc_pillars, layout_diamond_mine, nicolae_shop_self_help,
          uniq_jorgrun

Skill      XL: |  1  2  3  4  5  6  7  8  9 10 11 12 13 |
---------------+----------------------------------------+-----
Fighting       | 3 4 5 6 7 8 9 10 | 10.0
Shields        | 1 2 3 4 |  4.2
Axes           | 4 5 7 8 10 | 10.0
Throwing       | 3 5 6 |  6.4
Evocations     | 2 4 |  4.2
Dodging        | 4 5 |  5.0
Invocations    | 3 6 7 |  7.0
Armour         | 3 4 |  4.4
Long Blades    | 1 6 10 12 | 12.1

Action                   |  1- 3 |  4- 6 |  7- 9 | 10-12 | 13-15 || total
-------------------------+-------+-------+-------+-------+-------++-------
Melee: War axe           |    61 |   173 |   215 |   304 |       ||   753
       Punch             |       |     2 |       |       |       ||     2
       Double sword      |       |       |       |   124 |    82 ||   206
       Morningstar       |       |       |       |       |     5 ||     5
Throw: Throwing net      |     5 |     1 |     1 |     1 |       ||     8
       Javelin           |     1 |     4 |     8 |     4 |     4 ||    21
       Dart              |       |       |       |    44 |       ||    44
       Boomerang         |       |       |       |     4 |     2 ||     6
Invok: Divine Shield     |       |       |       |     6 |     3 ||     9
Evoke: Wand              |       |       |     7 |    14 |     5 ||    26
  Use: Scroll            |       |     4 |     6 |    15 |     3 ||    28
       Potion            |       |     1 |     3 |     4 |     2 ||    10
 Stab: Held in net/web   |     1 |       |       |       |       ||     1
Armor: Leather armour    |    32 |       |       |       |       ||    32
       Ring mail         |       |    71 |       |       |       ||    71
       Scale mail        |       |    14 |   101 |   180 |    48 ||   343
Dodge: Dodged            |    40 |   124 |   114 |   200 |    43 ||   521
Block: Buckler           |       |     2 |    54 |   135 |    42 ||   233

Table legend: (Time is in decaauts)
 A = Elapsed time spent in this place.
 B = Non-inter-level travel time spent in this place.
 C = Inter-level travel time spent in this place.
 D = Time resting spent in this place.
 E = Time spent auto-exploring this place.
 F = Levels seen in this place.
 G = Mean time per level.
                   A        B        C        D        E       F      G
               +--------+--------+--------+--------+--------+-----+--------+
         Total |   9322 |   9031 |    291 |     28 |      0 |  19 |  490.6 |
       Dungeon |   6259 |   6041 |    218 |      8 |      0 |  14 |  447.1 |
        Temple |     38 |     21 |     17 |      0 |      0 |   1 |   38.0 |
          Lair |   1081 |   1028 |     53 |      3 |      0 |   2 |  540.5 |
  Orcish Mines |   1943 |   1941 |      2 |     17 |      0 |   2 |  971.5 |
               +--------+--------+--------+--------+--------+-----+--------+

Top non-repeatable levels by time:
   Orc:1: 1082 daAuts
   Orc:2: 860 daAuts
     D:9: 806 daAuts
     D:3: 706 daAuts
    D:11: 671 daAuts
     D:6: 668 daAuts
     D:4: 608 daAuts
     D:5: 591 daAuts
  Lair:1: 545 daAuts
  Lair:2: 536 daAuts
     D:2: 419 daAuts
     D:8: 375 daAuts
     D:7: 374 daAuts
    D:12: 341 daAuts
    D:10: 311 daAuts
